[Event "*** SCC Grand Prix: Titled Tuesday Blitz"]
[Site "Chess.com"]
[Date "2020.08.11"]
[Round "6"]
[White "Terao90"]
[Black "GlennTipton"]
[Result "1-0"]
[WhiteElo "2339"]
[BlackElo "2443"]
[TimeControl "180+1"]
[EndTime "11:06:50 PDT"]
[Termination "Terao90 won on time"]

1. e4 e5 2. Nc3 Nf6 3. Bc4 Nc6 4. d3 Na5 5. Qf3 Nxc4 6. dxc4 d6 7. h3 Be6 8. b3 c6 9. Nge2 d5 10. exd5 cxd5 11.
cxd5 Nxd5 12. O-O Nxc3 13. Nxc3 Qc8 14. Nd5 Bd6 15. c4 O-O 16. Bb2 Qc6 17. Rad1 Rad8 18. Qg3 f6 19. Rd2 Kh8 20. Rfd1 Bb8 21. a4 Rd7 22.
Nb4 Rxd2 23. Rxd2 Qb6 24. Ba3 Rd8 25. Rxd8+ Qxd8 26. Qd3 Qxd3 27. Nxd3 1-0

[Event "*** SCC Grand Prix: Titled Tuesday Blitz"]
[Site "Chess.com"]
[Date "2020.08.11"]
[Round "6"]
[White "SanchezKelvin"]
[Black "CzechmVIII"]
[Result "0-1"]
[WhiteElo "2337"]
[BlackElo "2160"]
[TimeControl "180+1"]
[EndTime "11:06:50 PDT"]
[Termination "CzechmVIII won on time"]

1. d4 Nf6 2. c4 c5 3. d5 b5 4. cxb5 a6 5. bxa6 g6 6. Nc3 Bxa6 7. e4 Qa5 8. Bd2 Bxf1 9. Kxf1 d6 10. g3 Bg7 11.
Kg2 O-O 12. Nf3 Qb4 13. Qc2 Na6 14. Rhe1 Rfb8 15. Rab1 Qb7 16. a3 Qb3 17. Qxb3 Rxb3 18. e5 Nd7 19. e6 Ne5 20. Nxe5 Bxe5 21. f4 Bd4 22. exf7+ Kxf7 23. Re2 Rab8 24. Rbe1 R8b7 25. Nd1 Bxb2 26. a4 Bd4 27. Nf2 Nb4 28. Ne4 Nd3 29.
Ng5+ Ke8 30. Rf1 Rb2 31. Nf3 Bf6 32. Re3 Nb4 33. Rf2 Nc2 34. Ree2 Nd4 0-1

[Event "*** SCC Grand Prix: Titled Tuesday Blitz"]
[Site "Chess.com"]
[Date "2020.08.11"]
[Round "6"]
[White "Zkid"]
[Black "GukeshDommaraju"]
[Result "0-1"]
[WhiteElo "2846"]
[BlackElo "2665"]
[TimeControl "180+1"]
[EndTime "11:06:51 PDT"]
[Termination "GukeshDommaraju won by resignation"]

1. e4 c5 2. Nf3 d6 3. d4 cxd4 4. Nxd4 Nf6 5. f3 a6 6. c4 e6 7. Nc3 Nbd7 8. Be3 b6 9. Be2 Bb7 10.
O-O Be7 11. Qd2 O-O 12. Rfd1 Rc8 13. Rac1 Qc7 14. b4 Qb8 15. Nb3 Rfd8 16. Na4 Ba8 17. Qe1 Re8 18. Qf2 Bd8 19. c5 b5 20. Nb2 d5 21.
exd5 Nxd5 22. Bd2 Bc7 23. g3 N7f6 24. Bd3 h5 25. Re1 h4 26. f4 Ng4 27. Qe2 Ndf6 28. a4 e5 29. f5 e4 30. Bxb5 axb5 31. axb5 e3 32. Bc3 Bxg3 33. c6 Bf2+ 34. Kf1 Nxh2+ 35.
Kg2 Qg3+ 36. Kh1 Nf3 0-1

[Event "*** SCC Grand Prix: Titled Tuesday Blitz"]
[Site "Chess.com"]
[Date "2020.08.11"]
[Round "6"]
[White "seorobert1971"]
[Black "Noam_Vitenberg"]
[Result "1-0"]
[WhiteElo "2731"]
[BlackElo "2498"]
[TimeControl "180+1"]
[EndTime "11:06:52 PDT"]
[Termination "seorobert1971 won by checkmate"]

1. c4 e6 2. Nc3 d5 3. d4 Bb4 4.
Nf3 Nf6 5. Bg5 Nbd7 6. e3 c5 7. cxd5 exd5 8. Bd3 c4 9. Bc2 O-O 10. O-O Nb6 11. Ne5 h6 12. Bh4 Be7 13. Qf3 Be6 14. Qe2 Nbd7 15. f4 Nxe5 16. dxe5 Ne4 17. Be1 Nc5 18. Rd1 Nd3 19. Bxd3 cxd3 20. Qxd3 Bc5 21. Bf2 Qd7 22. Nxd5 Bg4 23. h3 Be6 24. e4 Bxf2+ 25. Rxf2 Qa4 26. b3 Qa3 27. f5 Bd7 28.
Qg3 Bc6 29. f6 g6 30. e6 Kh7 31. e7 Rfc8 32. Nc7 Rab8 33. Nd5 Qc5 34. Kh2 Re8 35.
Rdd2 Bd7 36. Nc7 Bc6 37. Nxe8 Rxe8 38. Rd8 Qd4 39. Rxd4 b6 40. Rd8 a5 41. Rxe8 Bxe8 42. e5 a4 43. e6 b5 44. b4 fxe6 45. f7 Bxf7 46. Rxf7+ Kh8 47. e8=Q# 1-0

[Event "*** SCC Grand Prix: Titled Tuesday Blitz"]
[Site "Chess.com"]
[Date "2020.08.11"]
[Round "6"]
[White "MrChampion_Coach"]
[Black "frederiksvane"]
[Result "1-0"]
[WhiteElo "2455"]
[BlackElo "2576"]
[TimeControl "180+1"]
[EndTime "11:06:52 PDT"]
[Termination "MrChampion_Coach won by resignation"]

1. e4 c5 2. Nf3 g6 3. c3 Bg7 4. d4 cxd4 5. cxd4 d5 6. e5 a6 7. h3 Nc6 8. Nc3 f6 9. exf6 Nxf6 10.
Bd3 O-O 11. O-O Nh5 12. Bc2 Nf4 13. Bxf4 Rxf4 14. Nxd5 Rf8 15. Be4 Be6 16. Ne3 Nxd4 17. Ng5 Bc8 18. Qa4 e6 19. h4 Bd7 20. Qb4 Bb5 21.
Rfd1 Qf6 22. Ng4 Qf4 23. Rxd4 Bxd4 24. Nh6+ Kg7 25. Nxe6+ Kxh6 26. Nxf4 Bxf2+ 27. Kxf2 Rxf4+ 28. Kg3 Raf8 29. Qd2 g5 30. hxg5+ Kxg5 31. Rc1 Bd7 32. Rc5+ Kh6 33. Qxf4+ Rxf4 34. Kxf4 1-0

[Event "*** SCC Grand Prix: Titled Tuesday Blitz"]
[Site "Chess.com"]
[Date "2020.08.11"]
[Round "6"]
[White "DishonorOnYourCow"]
[Black "davidkalashian"]
[Result "0-1"]
[WhiteElo "2320"]
[BlackElo "2570"]
[TimeControl "180+1"]
[EndTime "11:06:52 PDT"]
[Termination "davidkalashian won by checkmate"]

1. d4 Nf6 2. c4 e6 3. Nf3 b6 4. g3 Ba6 5. Qc2 Bb4+ 6. Bd2 Be7 7. Bg2 c6 8. O-O d5 9. b3 O-O 10. Ne5 Nfd7 11. Nc3 Nxe5 12. dxe5 Nd7 13. Rad1 Nxe5 14. f4 Nd7 15. e4 dxc4 16. bxc4 Bxc4 17. Rfe1 Qc7 18. e5 Rac8 19. Be4 g6 20. h4 Nc5 21. Bf3 Rfd8 22. h5 Bd3 23. Qc1 Bf5 24. hxg6 Bxg6 25. Rf1 Nd3 26. Qc2 Bc5+ 27. Kh2 Nf2 28. Be4 Nxd1 29. Rxd1 Be7 30. Kg2 c5 31. Bxg6 hxg6 32. Ne4 Kg7 33. Rh1 Qc6 34. Be3 Rh8 35. Rxh8 Rxh8 36.
Kf3 Qd5 37. Qc3 Qd1+ 38. Kg2 Qh1+ 39. Kf2 Rh2# 0-1

[Event "*** SCC Grand Prix: Titled Tuesday Blitz"]
[Site "Chess.com"]
[Date "2020.08.11"]
[Round "6"]
[White "ehrenfeld"]
[Black "GracefulYear"]
[Result "1-0"]
[WhiteElo "2555"]
[BlackElo "2374"]
[TimeControl "180+1"]
[EndTime "11:06:53 PDT"]
[Termination "ehrenfeld won by checkmate"]

1. e4 c6 2. d4 d5 3. exd5 cxd5 4. Bd3 Nf6 5. c3 Nc6 6. Bf4 Bg4 7. Qb3 Qc8 8. Nd2 e6 9. Ngf3 Be7 10. O-O O-O 11. Rfe1 Bh5 12. Ne5 Bg6 13. Bf1 a6 14. a4 Nh5 15.
Be3 Nxe5 16. dxe5 f5 17. exf6 Nxf6 18. Nf3 Ne4 19. Rad1 Bd6 20. Qb6 Bc7 21. Qd4 Qd8 22. c4 Bh5 23. cxd5 Bxf3 24. gxf3 Qh4 25. d6 Bxd6 26. Bg2 Qxh2+ 27. Kf1 Rxf3 28. Qxe4 Rf5 29. Qxe6+ Rf7 30. Qxd6 Raf8 31. Qxh2 Rxf2+ 32. Bxf2 g5 33. Kg1 Kg7 34. Qg3 Rxf2 35. Qxf2 h5 36. Qf5 Kg8 37. Re7 Kh8 38. Qh7# 1-0

[Event "*** SCC Grand Prix: Titled Tuesday Blitz"]
[Site "Chess.com"]
[Date "2020.08.11"]
[Round "6"]
[White "hansen"]
[Black "Leonid_Starozhilov"]
[Result "1-0"]
[WhiteElo "2932"]
[BlackElo "2702"]
[TimeControl "180+1"]
[EndTime "11:06:54 PDT"]
[Termination "hansen won by resignation"]

1. e4 c5 2. Nf3 e6 3. g3 Nc6 4.
Bg2 g6 5. O-O Bg7 6. c3 Nge7 7.
Re1 O-O 8. d4 cxd4 9. cxd4 d5 10. e5 Nf5 11. Nc3 f6 12. g4 Nfxd4 13. Nxd4 fxe5 14. Nxc6 bxc6 15. h3 Rb8 16. Qc2 e4 17. Nxe4 dxe4 18. Rxe4 Qb6 19. Rb1 Kh8 20. Be3 c5 21. Qxc5 Qd8 22. b4 Bb7 23. Rxe6 Bxg2 24. Kxg2 Rb7 25. Rd6 Qe8 26. Qd5 Re7 27. Bd4 Re2 28. Rd7 Rg8 29. Rxg7 Rxg7 30. Rc1 Re7 31. Qc6 h5 32. Qxe8+ 1-0

[Event "*** SCC Grand Prix: Titled Tuesday Blitz"]
[Site "Chess.com"]
[Date "2020.08.11"]
[Round "6"]
[White "KyronGriffith"]
[Black "Yoshikrov"]
[Result "1-0"]
[WhiteElo "2343"]
[BlackElo "2141"]
[TimeControl "180+1"]
[EndTime "11:06:55 PDT"]
[Termination "KyronGriffith won by resignation"]

1. e4 c5 2. Nf3 d6 3. d4 cxd4 4. Nxd4 Nf6 5. Nc3 a6 6. Bd3 e5 7. Nde2 Be6 8. O-O Nbd7 9. f4 exf4 10. Nxf4 Bg4 11. Qe1 Ne5 12. Nfd5 Be7 13. Nxf6+ Bxf6 14. Nd5 Be6 15. Nxf6+ gxf6 16. Be3 Rc8 17. Kh1 Rg8 18. Qh4 Rg6 19. Qxh7 Kd7 20. Rac1 Qh8 21. Qxh8 Rxh8 22. Bf4 Ng4 23. Be2 Nxh2 24. Bxh2 Rgh6 25. Kg1 Rxh2 26. Bf3 Ke7 27. b3 Rh1+ 28. Kf2 Rxf1+ 29. Rxf1 Rc8 30.
Rc1 Rc3 31. Ke2 b6 32. Kd2 Rc8 33. c4 b5 34. cxb5 Rxc1 35. Kxc1 axb5 36. Kb2 Kd7 37. b4 Bc4 38. g3 Ke6 39. a3 Ke5 40. Kc3 f5 41.
exf5 Kxf5 42. a4 Bf1 43. a5 1-0

[Event "*** SCC Grand Prix: Titled Tuesday Blitz"]
[Site "Chess.com"]
[Date "2020.08.11"]
[Round "6"]
[White "12teen"]
[Black "Fandorine"]
[Result "0-1"]
[WhiteElo "2681"]
[BlackElo "2900"]
[TimeControl "180+1"]
[EndTime "11:06:56 PDT"]
[Termination "Fandorine won on time"]

1. g3 g6 2. Bg2 Bg7 3. d3 d5 4.
Nc3 Nf6 5. Bd2 O-O 6. e4 dxe4 7. dxe4 Nc6 8. f4 e5 9. Qe2 Nd4 10. Qd3 c6 11. O-O-O Ng4 12. Qf1 Qa5 13. h3 Nf6 14.
Kb1 Be6 15. Nf3 Nh5 16. Qe1 Nxf3 17. Bxf3 exf4 18. Bxh5 Qxh5 19. gxf4 Rad8 20. a3 Rfe8 21. Qg3 a5 22. f5 Bc4 23. Qg4 Qxg4 24. hxg4 b5 25.
Bg5 Rxd1+ 26. Rxd1 b4 27. axb4 axb4 28. Na4 h6 29.
Bh4 g5 30. Bf2 Rxe4 31. b3 Bd5 32. Nb6 Rxg4 33. Nxd5 cxd5 34. Rxd5 Rf4 35. Rd2 Bc3 36. Re2 Rxf5 0-1

[Event "*** SCC Grand Prix: Titled Tuesday Blitz"]
[Site "Chess.com"]
[Date "2020.08.11"]
[Round "6"]
[White "queen_iryna"]
[Black "TheMightyBishops"]
[Result "1-0"]
[WhiteElo "2249"]
[BlackElo "2005"]
[TimeControl "180+1"]
[EndTime "11:06:56 PDT"]
[Termination "queen_iryna won on time"]

1. Nf3 d6 2. c4 Nd7 3. g3 c5 4. Bg2 e5 5. O-O g6 6. Nc3 Bg7 7. a3 h6 8. b4 Ne7 9. Bb2 O-O 10. d3 f6 11. b5 f5 12. Qc2 g5 13. a4 Ng6 14. a5 Rb8 15. Nd2 Kh7 16. Nd5 b6 17.
axb6 axb6 18. Ra7 Nf6 19. Nxf6+ Qxf6 20. f4 gxf4 21. gxf4 Nh4 22. Bd5 Be6 23. fxe5 dxe5 24. Bxe6 Qg6+ 25. Kf2 Qxe6 26. Rg1 Rg8 27. Qa4 f4 28.
Raxg7+ Rxg7 29. Rxg7+ Kxg7 30. Qa7+ Kg6 31. Qxb8 Nf5 32.
Qxe5 Nd4 33. Bxd4 Qh3 34. Qf6+ Kh5 35. Qf7+ Kg5 36. Nf3+ Kg4 37. Qe6+ 1-0

[Event "*** SCC Grand Prix: Titled Tuesday Blitz"]
[Site "Chess.com"]
[Date "2020.08.11"]
[Round "6"]
[White "Colchonero64"]
[Black "BocharovD"]
[Result "1/2-1/2"]
[WhiteElo "2907"]
[BlackElo "2701"]
[TimeControl "180+1"]
[EndTime "11:06:57 PDT"]
[Termination "Game drawn by repetition"]

1. e4 c5 2. Nf3 d6 3. d4 cxd4 4.
Nxd4 Nf6 5. Nc3 a6 6. g3 e6 7. Bg2 Be7 8. O-O O-O 9. Be3 Nc6 10. a4 Qc7 11. Nxc6 bxc6 12. a5 Bb7 13. Bb6 Qc8 14.
Be3 c5 15. Na4 Qc7 16. Nb6 Rad8 17. Qd3 Nd7 18. Nxd7 Rxd7 19. Rfd1 Rb8 20. Bf4 Bc6 21. b3 Rb5 22. h4 Rxa5 23. Bd2 Rxa1 24. Rxa1 Bb7 25.
Ba5 Qc8 26. c4 Bf6 27. Bc3 Bxc3 28. Qxc3 Qc7 29. f4 Rd8 30. Rd1 h6 31. Rd3 Bc6 32.
Qd2 Qb7 33. Rxd6 Rxd6 34. Qxd6 Bxe4 35. Bxe4 Qxe4 36. Qxc5 Qb1+ 37. Kh2 Qxb3 38. Qc8+ Kh7 39. Qxa6 Qc2+ 40. Kg1 Qd1+ 41. Kf2 Qd2+ 42. Kf3 Qd3+ 43. Kf2 Qd2+ 44. Kf3 Qd3+ 45. Kf2 Qd2+ 1/2-1/2

[Event "*** SCC Grand Prix: Titled Tuesday Blitz"]
[Site "Chess.com"]
[Date "2020.08.11"]
[Round "6"]
[White "Chess_Boxer123"]
[Black "Khvicha_Supatashvili"]
[Result "1-0"]
[WhiteElo "2591"]
[BlackElo "2707"]
[TimeControl "180+1"]
[EndTime "11:06:57 PDT"]
[Termination "Chess_Boxer123 won on time"]

1. Nf3 d5 2. b3 Bg4 3. e3 Nf6 4. Bb2 e6 5. Be2 Nbd7 6. O-O Bd6 7. d4 c6 8. Nbd2 Qe7 9. Ne5 Bxe2 10. Qxe2 O-O 11. e4 Ba3 12. Bxa3 Qxa3 13. Nxd7 Nxd7 14. c4 Qb2 15. Qd3 dxe4 16. Nxe4 Qa3 17. Qg3 Qe7 18. Rfe1 Nf6 19. Nd6 Rfd8 20. Nf5 Qf8 21. Nh6+ Kh8 22.
Qh4 Ne8 23. Ng4 Rxd4 24. Rad1 Qd6 25. Rxd4 Qxd4 26. Qe7 Nd6 27. Ne5 Kg8 28. c5 Qxc5 29. Nxf7 Qc3 30. Qxe6 Nxf7 31. Qe8+ 1-0

[Event "*** SCC Grand Prix: Titled Tuesday Blitz"]
[Site "Chess.com"]
[Date "2020.08.11"]
[Round "6"]
[White "WonderChampion"]
[Black "volkanyirik"]
[Result "0-1"]
[WhiteElo "1985"]
[BlackElo "2274"]
[TimeControl "180+1"]
[EndTime "11:06:57 PDT"]
[Termination "volkanyirik won by resignation"]

1. d4 Nf6 2. Bg5 e6 3. e4 h6 4. Bh4 g5 5. Bg3 Nxe4 6. Bd3 Nxg3 7. fxg3 d5 8. Nf3 c5 9. c3 Nc6 10. O-O Bg7 11. Bb5 cxd4 12. cxd4 Qb6 13. Nc3 Bd7 14.
Bxc6 Bxc6 15. b3 O-O 16. Kh1 Bb5 17. Re1 Rac8 18. Rc1 Bd7 19. Ne5 Be8 20. Nxd5 Rxc1 21. Ne7+ Kh8 22. Qxc1 Qxd4 23. Nf3 Qd6 24. Nc8 Qc6 25.
Nxa7 Qa6 26. Qe3 Qxa2 27. Nc8 Bc6 28. Nd6 Qb2 29. Nc4 Qc3 30. Qe2 Bb5 31. Nfe5 Qxb3 32. Qe4 Bxc4 33. Nxc4 Qc3 34. Nd6 b6 35. Rf1 Kg8 36. Nb5 Qc5 37. Qd3 Rc8 38. Nd6 Rd8 39. Qf3 Qxd6 40. Qxf7+ Kh8 41. Qf3 Rf8 42. Qe2 Rxf1+ 43.
Qxf1 Qf8 44. h3 Qxf1+ 0-1

[Event "*** SCC Grand Prix: Titled Tuesday Blitz"]
[Site "Chess.com"]
[Date "2020.08.11"]
[Round "6"]
[White "Maksimus1998"]
[Black "Zmeeed63"]
[Result "1-0"]
[WhiteElo "2524"]
[BlackElo "2218"]
[TimeControl "180+1"]
[EndTime "11:06:59 PDT"]
[Termination "Maksimus1998 won on time"]

1. e4 c5 2. Nf3 Nc6 3. Bb5 g6 4. O-O Bg7 5. Re1 Nf6 6. c3 O-O 7. h3 a6 8. Ba4 b5 9. Bb3 c4 10.
Bc2 Bb7 11. b3 d5 12. exd5 Nxd5 13. bxc4 bxc4 14. Na3 Na5 15. Rb1 Rb8 16. Qe2 e6 17. Nxc4 Nf4 18. Qf1 Bxf3 19. Rxb8 Nxh3+ 20. gxh3 Qg5+ 21. Kh2 Qf4+ 22. Kg1 Rxb8 23. d4 Qc7 24. Nxa5 Qxa5 25. Qd3 Bc6 26. Bf4 Rb2 27. Bb3 Bf6 28. Be5 Bh4 29. Bg3 Qg5 30. d5 Bxd5 31. Bxd5 exd5 32.
Re8+ Kg7 33. Qd4+ f6 34. Qxh4 1-0

[Event "*** SCC Grand Prix: Titled Tuesday Blitz"]
[Site "Chess.com"]
[Date "2020.08.11"]
[Round "6"]
[White "Ermito2020"]
[Black "ExtremeLearner"]
[Result "0-1"]
[WhiteElo "2620"]
[BlackElo "2355"]
[TimeControl "180+1"]
[EndTime "11:06:59 PDT"]
[Termination "ExtremeLearner won by checkmate"]

1. e4 c6 2. d4 d5 3. e5 Bf5 4. Nf3 e6 5. Be2 c5 6. Be3 Qb6 7. Nc3 Nd7 8. O-O Rc8 9. Na4 Qa5 10. c4 dxc4 11. Nxc5 Nxc5 12. dxc5 Bxc5 13. Bxc5 Qxc5 14. Rc1 b5 15. b3 c3 16. Nd4 b4 17. Bb5+ Kf8 18.
Nxf5 exf5 19. Qd7 Ne7 20. Rfd1 g6 21. Ba6 Rc7 22. Qd6 Rc6 23. Qxc5 Rxc5 24. Rd7 Rxe5 25. f4 Re4 26. Rxa7 Nc6 27. Rc7 Nd4 28. Kf2 Kg7 29. Bc4 Rxf4+ 30. Ke3 Re4+ 31. Kd3 Ne6 32. Rd7 Rc8 33. a3 Nc5+ 34. Kc2 Nxd7 35. axb4 Ne5 36. Kxc3 Nxc4 37. Ra1 Nb6+ 38. Kd3 Rd8+ 39. Kc3 Re3+ 40.
Kc2 Nd5 41. b5 Nb4+ 42. Kb2 Rd2+ 43. Ka3 Nc2+ 44. Kb2 Nxa1+ 45. Kxa1 Re1# 0-1

[Event "*** SCC Grand Prix: Titled Tuesday Blitz"]
[Site "Chess.com"]
[Date "2020.08.11"]
[Round "6"]
[White "killer311"]
[Black "a3aki"]
[Result "1-0"]
[WhiteElo "2447"]
[BlackElo "2093"]
[TimeControl "180+1"]
[EndTime "11:07:00 PDT"]
[Termination "killer311 won by resignation"]

1. d4 Nf6 2. c4 g6 3. g3 Bg7 4. Bg2 d6 5. Nf3 O-O 6. Nc3 Nc6 7. O-O a6 8. Qd3 Rb8 9. d5 Na7 10. Be3 b6 11. a4 e5 12. dxe6 Bxe6 13. Nd4 Bd7 14. b3 c5 15. Nc2 Bc6 16. Rad1 Bxg2 17. Kxg2 Ne8 18. Ne4 Nc6 19. Nxd6 Ne5 20. Qd5 Nxd6 21.
Qxd6 Qc8 22. Bf4 Qb7+ 23. Qd5 Rfe8 24. Qxb7 Rxb7 25. Ne3 Nc6 26. Rd6 Nd4 27. Re1 Nxb3 28. Rb1 Nd4 29. Kf1 b5 30. axb5 axb5 31. cxb5 Rxb5 32.
Rxb5 Nxb5 33. Rc6 Bd4 34. Nd5 Ra8 35. e3 Bg7 36. Rxc5 Na3 37. Kg2 Nb1 38. e4 Bd4 39. Rc1 Na3 40. Rd1 Nb5 41. Be3 Bxe3 42. Nxe3 Nc3 43. Rd4 Kg7 44. Rc4 Nb5 45. e5 Re8 46.
Rc5 Na7 47. f4 Nc8 48. Nd5 Ne7 49. Nf6 Rd8 50. Rc7 Nf5 51. e6 Nh6 52. e7 Rd2+ 53. Kf3 Ng8 54. Nxg8 1-0

[Event "*** SCC Grand Prix: Titled Tuesday Blitz"]
[Site "Chess.com"]
[Date "2020.08.11"]
[Round "6"]
[White "serena-maria"]
[Black "Kavyev_Ruslan"]
[Result "0-1"]
[WhiteElo "2277"]
[BlackElo "2452"]
[TimeControl "180+1"]
[EndTime "11:07:00 PDT"]
[Termination "Kavyev_Ruslan won on time"]

1. Nf3 Nf6 2. g3 g6 3. Bg2 Bg7 4. O-O O-O 5. c4 c6 6. Nc3 d5 7. cxd5 cxd5 8. d4 Ne4 9. Ne5 Nxc3 10. bxc3 Nc6 11. Nxc6 bxc6 12. Qa4 Qb6 13. Ba3 Qa6 14. Qxa6 Bxa6 15. Rfb1 Bxe2 16. Bxe7 Rfe8 17. Bc5 Bc4 18. Bf1 Bxf1 19. Kxf1 Bf8 20. Bxf8 Kxf8 21. Rb7 Re7 22. Rab1 Rae8 23. a4 Rxb7 24. Rxb7 Re7 25. Rb8+ Re8 26. Rb2 Re7 27. a5 Rc7 28. Ke2 Ke7 29. a6 Kd6 30. Ke3 c5 31. Kf4 f6 32. Ke3 Rc6 33. dxc5+ Kxc5 34. Rb7 Rxa6 35. Rxh7 Ra3 36. Kd3 d4 37. Rc7+ Kd6 38.
Rf7 Ke6 39. Rg7 Rxc3+ 40. Kxd4 Rc2 41. Rxa7 Rxf2 42. Ra6+ Kf5 43. h3 Rf3 44. Ra5+ Ke6 45. Ra6+ Kf7 46. Ra7+ Kg8 47. Ra8+ Kg7 48. Ra7+ Kh6 49.
Ke4 Rxg3 50. Ra6 f5+ 51. Kf4 Rxh3 52. Ra8 Rh4+ 53. Kg3 Rg4+ 54. Kf3 Kg5 55. Rb8 Rh4 56. Kg3 Ra4 57. Kf3 Ra3+ 58. Kg2 Kg4 59. Rb6 g5 60.
Rb4+ f4 61. Rb8 Ra2+ 62. Kg1 Kg3 63. Rb3+ f3 64. Rb1 g4 65. Kh1 Rh2+ 66. Kg1 f2+ 0-1

[Event "*** SCC Grand Prix: Titled Tuesday Blitz"]
[Site "Chess.com"]
[Date "2020.08.11"]
[Round "6"]
[White "KaspMagAlpha"]
[Black "Monmoransy"]
[Result "0-1"]
[WhiteElo "2179"]
[BlackElo "2648"]
[TimeControl "180+1"]
[EndTime "11:07:01 PDT"]
[Termination "Monmoransy won by checkmate"]

1. d4 d5 2. c4 dxc4 3. e3 e5 4.
Bxc4 exd4 5. Qb3 Qe7 6. Nf3 Qb4+ 7. Nbd2 Qxb3 8. Nxb3 dxe3 9. Bxe3 Bb4+ 10. Kf1 Ne7 11.
a3 Bd6 12. h4 O-O 13. Rg1 Nbc6 14. g4 a6 15. Nbd4 Nxd4 16. Nxd4 b5 17. Bd3 Bb7 18. b4 Bh2 19. Rc1 Bxg1 20. Kxg1 Nd5 21. Bd2 Rad8 22. Be4 Rfe8 23. f3 Ba8 24. Nf5 Ne7 25.
Nxe7+ Rxe7 26. Bg5 f6 27. Bxa8 fxg5 28. Bb7 gxh4 29.
Bxa6 Rd2 30. Bxb5 h3 31. Bc4+ Kf8 32. a4 Re3 33. a5 Rxf3 34. a6 Rff2 35. a7 Rg2+ 36.
Kh1 Rh2+ 37. Kg1 Rdg2+ 38. Kf1 Rh1# 0-1

[Event "*** SCC Grand Prix: Titled Tuesday Blitz"]
[Site "Chess.com"]
[Date "2020.08.11"]
[Round "6"]
[White "Unknown_IM"]
[Black "czasnaszachy"]
[Result "0-1"]
[WhiteElo "2374"]
[BlackElo "2229"]
[TimeControl "180+1"]
[EndTime "11:07:03 PDT"]
[Termination "czasnaszachy won on time"]

1. Nf3 Nf6 2. c4 g6 3. d4 c5 4. Nc3 cxd4 5. Nxd4 Bg7 6. e4 d6 7. Be2 O-O 8. O-O Nc6 9. Be3 Bd7 10. Nc2 Rc8 11.
f3 Be6 12. Qd2 Ne5 13. b3 a6 14. Rac1 Qd7 15. Nd4 Nc6 16. Nxe6 Qxe6 17. Nd5 Nd7 18. Kh1 Rfe8 19. Bd3 Nc5 20. Bc2 h5 21. Qf2 Nd7 22. f4 Qg4 23. h3 Qe6 24. f5 Qe5 25. fxg6 fxg6 26. Qf7+ Kh7 27. Bf4 Qd4 28. Be3 Qe5 29. Bf4 Qd4 30. Qe6 Nc5 31. Qf7 Rf8 0-1

[Event "*** SCC Grand Prix: Titled Tuesday Blitz"]
[Site "Chess.com"]
[Date "2020.08.11"]
[Round "6"]
[White "FairChess_on_YouTube"]
[Black "Anton_Demchenko"]
[Result "1/2-1/2"]
[WhiteElo "2989"]
[BlackElo "2836"]
[TimeControl "180+1"]
[EndTime "11:07:04 PDT"]
[Termination "Game drawn by repetition"]

1. e4 e5 2. Nf3 Nc6 3. Bb5 a6 4. Ba4 Nge7 5. O-O Ng6 6. c3 d6 7.
d4 Bd7 8. d5 Nb8 9. c4 Be7 10.
Nc3 O-O 11. Be3 f5 12. exf5 Bxf5 13. Nd2 Nd7 14. Nde4 h6 15. Bc2 Qc8 16. Qh5 Nf6 17. Nxf6+ Rxf6 18. Ne4 Rf7 19. Rae1 Nh4 20. Qe2 Bh3 21.
gxh3 Nf3+ 22. Kg2 Nh4+ 23. Kh1 Qxh3 24. Rg1 Nf3 25. Rg2 Raf8 26. Reg1 Nxg1 27. Kxg1 Bh4 28.
Bxh6 Bxf2+ 29. Nxf2 Qxh6 30. h3 Qc1+ 31. Kh2 Qf4+ 32.
Kh1 Qc1+ 33. Rg1 Qh6 34. Rg2 Qc1+ 35. Rg1 Qh6 36. Rg2 Qc1+ 1/2-1/2

[Event "*** SCC Grand Prix: Titled Tuesday Blitz"]
[Site "Chess.com"]
[Date "2020.08.11"]
[Round "6"]
[White "volcanoexplorer"]
[Black "ChessWarrior7197"]
[Result "0-1"]
[WhiteElo "2635"]
[BlackElo "2911"]
[TimeControl "180+1"]
[EndTime "11:07:04 PDT"]
[Termination "ChessWarrior7197 won by resignation"]

1. e4 c5 2. Nf3 d6 3. d4 cxd4 4.
Nxd4 Nf6 5. Nc3 a6 6. h3 e6 7. g4 Nfd7 8. g5 b5 9. a3 Bb7 10. Be3 Nb6 11. h4 N8d7 12. Bh3 Nc4 13. Bxe6 fxe6 14.
Nxe6 Nxe3 15. fxe3 Qe7 16. Nc7+ Kd8 17. Nxa8 Bxe4 18.
Rf1 Bxa8 19. Qd4 Qe5 20. Qa7 Qg3+ 21. Rf2 Bc6 22. Ne2 Qxh4 23. Nd4 Be4 24. Qxa6 Qg3 25.
Qa5+ Ke8 26. Qxb5 Be7 27. Ne2 Qxe3 28. Qc4 Kd8 29. Rd1 Bxg5 30. Rd4 Bh4 31. Rxe4 Qxf2+ 32. Kd2 Re8 33. Rxe8+ Kxe8 34. Qe6+ Kd8 35. Qxd6 Bg5+ 36. Kd3 Qe3+ 37. Kc4 Qxe2+ 38. Kb3 Qe5 39. Qc6 h5 40.
Qa8+ Ke7 41. c4 h4 42. Qg2 h3 43. Qxh3 Qe3+ 44. Qxe3+ Bxe3 45. Kc2 g5 46. b4 g4 47.
Kd3 Bf2 48. Ke4 Ne5 49. b5 g3 50. c5 g2 51. c6 g1=Q 52. c7 Qg4+ 0-1

[Event "*** SCC Grand Prix: Titled Tuesday Blitz"]
[Site "Chess.com"]
[Date "2020.08.11"]
[Round "6"]
[White "DenLaz"]
[Black "DariaVoit"]
[Result "1-0"]
[WhiteElo "2681"]
[BlackElo "2495"]
[TimeControl "180+1"]
[EndTime "11:07:04 PDT"]
[Termination "DenLaz won on time"]

1. Nf3 Nf6 2. b3 g6 3. Bb2 Bg7 4. c4 c6 5. g3 d5 6. Bg2 O-O 7. O-O a5 8. cxd5 cxd5 9. Nc3 Nc6 10. Rc1 d4 11. Na4 e5 12. Rxc6 bxc6 13. Nxe5 Bb7 14. Nxc6 Bxc6 15. Bxc6 Rc8 16. Bg2 Re8 17. d3 Qd6 18.
Bf3 Nd7 19. Qa1 Rc2 20. Rc1 Rec8 21. Rxc2 Rxc2 22. Qd1 Rc7 23. Qd2 Qb4 24. Qxb4 axb4 25.
a3 bxa3 26. Bxa3 Bf8 27. Bb2 Bg7 28. Kf1 Rc2 29. Ke1 Kf8 30. Kd1 Rc8 31. Ba3+ Ke8 32.
Bd6 Bf8 33. Bb7 Bxd6 34. Bxc8 Nc5 35. Kc2 Nxa4 36. bxa4 Bb4 37. Kb3 Be1 38. f3 Kd8 39. Ba6 Kc7 40. Kc4 Kb6 41. Bb5 Bf2 42. g4 f6 43. Kd5 h5 44. gxh5 gxh5 45. Ke6 Bh4 46.
Be8 1-0

[Event "*** SCC Grand Prix: Titled Tuesday Blitz"]
[Site "Chess.com"]
[Date "2020.08.11"]
[Round "6"]
[White "Iskusnyh"]
[Black "MashaFromRussia"]
[Result "1/2-1/2"]
[WhiteElo "2560"]
[BlackElo "2410"]
[TimeControl "180+1"]
[EndTime "11:07:04 PDT"]
[Termination "Game drawn by repetition"]

1. d4 Nf6 2. c4 g6 3. g3 Bg7 4. Bg2 O-O 5. Nc3 d6 6. Nf3 Nc6 7. O-O a6 8. b3 Rb8 9. Bb2 b5 10.
cxb5 axb5 11. Rc1 Bd7 12. e3 b4 13. Na4 Na5 14. d5 c5 15. dxc6 Bxc6 16. Nd4 Bxg2 17.
Kxg2 Qd7 18. Qf3 e5 19. Nc6 Nxc6 20. Qxc6 Qe7 21. e4 Bh6 22. Rc4 Nh5 23. Bc1 Bxc1 24. Rfxc1 Qg5 25. h4 Qg4 26. Kh2 Nf4 27. gxf4 Qxh4+ 28. Kg2 Qg4+ 29. Kf1 exf4 30. e5 dxe5 31. Qe4 Rbd8 32.
R4c2 f5 33. Qxe5 Qh3+ 34. Kg1 Qg4+ 35. Kh2 Qh4+ 36. Kg2 Qg4+ 37. Kf1 Qh3+ 38. Kg1 Qg4+ 39. Kh2 Qh4+ 40. Kg2 Qg4+ 41. Kh1 Qh3+ 42. Kg1 1/2-1/2

[Event "*** SCC Grand Prix: Titled Tuesday Blitz"]
[Site "Chess.com"]
[Date "2020.08.11"]
[Round "6"]
[White "KingChess345"]
[Black "Tsyhanchuk_Stanislav"]
[Result "1-0"]
[WhiteElo "2198"]
[BlackElo "2372"]
[TimeControl "180+1"]
[EndTime "11:07:04 PDT"]
[Termination "KingChess345 won by checkmate"]

1. d4 Nf6 2. Nf3 g6 3. g3 Bg7 4. Bg2 O-O 5. O-O c5 6. c4 cxd4 7. Nxd4 Nc6 8. Nc3 Nxd4 9. Qxd4 d6 10. e4 Bd7 11. Qd3 Rc8 12. Be3 a6 13. b3 Bc6 14.
Rac1 Qa5 15. Bd4 Nd7 16. f4 Bxd4+ 17. Qxd4 b5 18. cxb5 axb5 19. e5 dxe5 20. fxe5 Bxg2 21. Kxg2 Qc7 22. Nd5 Qb7 23. Kh3 Rfe8 24. Qe4 Rxc1 25.
Rxc1 Qa8 26. e6 f5 27. Nxe7+ Kf8 28. Qxa8 Rxa8 29. exd7 Rd8 30. Nc6 Rxd7 31. Nb4 Rd2 32. Rc6 g5 33. Rb6 Kg7 34. g4 f4 35. Rxb5 Kg6 36.
Rf5 Rd4 37. Nc6 Rd2 38. Ne5+ Kg7 39. Nf3 Rf2 40. Rxg5+ Kf6 41. Rf5+ Ke6 42. Ng5+ Ke7 43. Nxh7 Rxa2 44. g5 Ke6 45. Rxf4 Rb2 46. Rf6+ Ke7 47. Kg4 Rxb3 48. h4 Rb4+ 49. Kh5 Rb5 50. Rg6 Rb4 51. Nf6 Kf7 52. Rh6 Kg7 53. Rh7+ Kf8 54. Kg6 Rxh4 55. Rf7# 1-0